 Dungeon Crawl Stone Soup version 0.26-a0-665-gefeb406119 (webtiles) character file.

Game seed: 9439548024275681324

257787 sahdkjhfkaj the Severer (level 19, -25/174 HPs)
             Began as a Minotaur Berserker on Oct 14, 2020.
             Was the Champion of Trog.
             Killed from afar by a deep elf annihilator (92 damage)
             ... with a crystal spear
             ... led by a deep elf high priest
             ... on level 3 of the Elven Halls.
             The game lasted 01:22:58 (41174 turns).

sahdkjhfkaj the Severer (Minotaur Berserker)       Turns: 41174, Time: 01:22:58

Health: -25/174    AC: 22    Str: 28    XL:     19   Next: 10%
Magic:  6/6        EV: 13    Int:  6    God:    Trog [******]
Gold:   1067       SH: 27    Dex: 10    Spells: 18/18 levels left

rFire    + + +     SeeInvis .   b - +9 broad axe (antimagic)
rCold    . . .     Faith    .   W - +0 tower shield
rNeg     . . .     Spirit   .   J - +0 plate armour
rPois    +         Reflect  +   (helmet restricted)
rElec    .         Harm     .   h - scarf {repulsion}
rCorr    .         Rampage  .   l - +1 pair of gloves {archery}
MR       +....                  P - +0 pair of boots
Stlth    ..........             r - amulet of reflection
HPRegen  0.39/turn              R - +6 ring of intelligence
MPRegen  0.10/turn              K - ring of the Circus Animal {+Fly rPois rF+++ Str-2 Int-4}

@: lethally poisoned (-25 -> -29), repel missiles
A: retaliatory headbutt, horns 2
}: 2/15 runes: serpentine, barnacled
a: Berserk, Trog's Hand, Brothers in Arms, Renounce Religion, Evoke Flight


You were on level 3 of the Elven Halls.
You worshipped Trog.
Trog was exalted by your worship.
You visited 6 branches of the dungeon, and saw 34 of its levels.
You also visited: Sewer and Ossuary.

You collected 3065 gold pieces.
You spent 1998 gold pieces at shops.

Inventory:

Hand Weapons
 a - a +9 vorpal broad axe
 b - a +9 antimagic broad axe (weapon)
Missiles
 t - 3 throwing nets (quivered)
Armour
 h - a scarf of repulsion (worn)
 l - a +1 pair of gloves of archery (worn)
 J - a +0 plate armour (worn)
 P - a +0 pair of boots (worn)
 W - a +0 tower shield (worn)
Jewellery
 r - an amulet of reflection (around neck)
 u - an uncursed ring of see invisible
 K - the ring of the Circus Animal (right hand) {+Fly rPois rF+++ Str-2 Int-4}
   (You bought it in a shop on level 11 of the Dungeon)

   [ring of poison resistance]

   It affects your strength (-2).
   It affects your intelligence (-4).
   It renders you almost immune to fire.
   It protects you from poison.
   It lets you fly.
 R - a +6 ring of intelligence (left hand)
 Z - an uncursed ring of protection from magic
Wands
 e - a wand of enslavement (8)
 E - a wand of digging (9)
 L - a wand of iceblast (4)
 Q - a wand of acid (11)
 X - a wand of disintegration (9)
 Y - a wand of paralysis (11)
Scrolls
 c - 5 scrolls of magic mapping
 d - 11 scrolls of teleportation
 g - 21 scrolls of remove curse
 o - 2 scrolls of fog
 p - 7 scrolls of enchant armour
 q - 6 scrolls of fear
 s - 11 scrolls of identify
 v - 7 scrolls of blinking
 C - a scroll of holy word
 G - 2 scrolls of brand weapon
 O - a scroll of vulnerability
 S - a scroll of summoning
 V - a scroll of silence
Potions
 f - 4 potions of magic
 i - 7 potions of heal wounds
 k - 5 potions of cancellation
 m - 6 potions of mutation
 n - 5 potions of invisibility
 w - 7 potions of haste
 x - 14 potions of curing
 z - 9 potions of flight
 B - 8 potions of might
 D - 2 potions of resistance
 H - 6 potions of lignification
Miscellaneous
 y - a lightning rod (4/4)
 F - a tin of tremorstones (3/3)
 T - a condenser vane (2/2)
 U - a phantom mirror


   Skills:
 + Level 16.7 Fighting
   Level 10.2 Long Blades
 - Level 18.0 Axes
 + Level 16.6 Armour
 + Level 15.4 Dodging
 * Level 16.6 Shields
 + Level 10.8 Evocations


You had 18 spell levels left.
You didn't know any spells.
Your spell library was empty.

Dungeon Overview and Level Annotations

Branches:
Dungeon (15/15)            Temple (0/1) D:4            Lair (6/6) D:10
 Shoals (4/4) Lair:3        Snake (4/4) Lair:2        Slime (0/5) Lair:6
    Orc (2/2) D:11            Elf (3/3) Orc:2        Vaults (0/5) D:14
 Depths (0/5) D:15          Sewer (visited)         Ossuary (visited)

Altars:
Elyvilon
Ru
Sif Muna
Trog
Vehumet
Wu Jian
Yredelemnul
Jiyva

Shops:
D:4 (   D:5 !   D:11 =   D:15 (   Orc:2 (}[?!   Elf:1 =}=   Elf:2 (
Snake:3 *!}:   Snake:4 (**[

Portals:
Pandemonium: Orc:2

Annotations:
Shoals:4 Roxanne
Snake:3 2 transporters


Innate Abilities, Weirdness & Mutations

You reflexively headbutt those who attack you in melee.
You have a pair of horns on your head.


Message History

The deep elf annihilator points at you and mumbles some strange words.
The poison arrow hits you!!
You are poisoned.
You partially resist.
* * * LOW HITPOINT WARNING * * *
You block the earth elemental's attack.
The deep elf archer blinks!
There is a stone staircase leading up, spattered with blood here.
You see here an arrow.
Unknown command.
Unknown command.
Unknown command.
Unknown command.
Unknown command.
Unknown command.
Unknown command.
You feel sick.
The deep elf annihilator casts a spell at you.
The crystal spear hits you!!!!
Ouch! That really hurt!
You die...

##...##
##.....## ## #
##.......##. (#
#.......... ##.
....e.....#...#
..e.......#.. #
.........(#...#
(e.(.e.@...#
e..((.E..##....
#........# .
#........#
#...######
#...#.....
.###..###.
...#. ..


You could see 2 deep elf annihilators, 2 deep elf archers, a deep elf high
priest (brilliance aura) and an earth elemental.

Vanquished Creatures
  Kirke (Shoals:4)
  12 nagarajas
  A deep elf sorcerer (Elf:2)
  An orc warlord (Orc:2)
  Aizul (Snake:2)
  2 deep elf demonologists
  A dire elephant (D:15)
  Snorg (D:14)
  The ghost of HunfridMar the Eclecticist, a journeyman DECj of Vehumet (Lair:4)
  8 merfolk impalers
  4 boulder beetles
  12 naga warriors
  Harold (Orc:1)
  5 hydras
  Erica (Lair:1)
  12 anacondas
  A catoblepas (D:15)
  3 merfolk avatars (Shoals:4)
  A death knight (D:15)
  An alligator snapping turtle (Shoals:1)
  3 merfolk aquamancers
  7 centaur warriors
  A satyr (Shoals:4)
  4 two-headed ogres
  9 death yaks
  36 dancing weapons
  4 orc high priests (Orc:2)
  5 shock serpents
  A tengu warrior (D:14)
  5 naga sharpshooters (Snake:4)
  16 deep elf knights
  A sun demon (Orc:2)
  5 salamander mystics
  2 unseen horrors (D:15)
  15 sea snakes
  An unseen horror (shapeshifter) (D:14)
  2 naga ritualists
  3 wizards
  A gelid demonspawn (Orc:2)
  3 deep elf archers
  A lindwurm (Lair:4)
  2 infernal demonspawn (Orc:2)
  2 wolf spider zombies
  6 harpies
  5 orc knights
  9 mana vipers
  2 oklob plants
  7 ugly things
  7 manticores
  8 fauns
  45 deep elf magi
  2 cyclopes
  11 orc sorcerers
  9 salamanders
  A guardian serpent (shapeshifter) (D:14)
  10 elephants (Lair:4)
  28 black mambas
  8 water nymphs
  12 guardian serpents
  11 merfolk sirens
  An eye of devastation (shapeshifter) (Elf:2)
  17 naga magi
  6 centaur skeletons
  2 orange demons (Orc:2)
  26 cane toads
  4 freezing wraiths (D:15)
  A hellwing (Orc:2)
  An efreet (D:13)
  4 yaktaurs (D:15)
  3 komodo dragons
  A red devil (Orc:2)
  2 tengu conjurers (D:15)
  6 trolls
  15 merfolk
  A meliai (Snake:4)
  4 tyrant leeches (Lair:6)
  6 wind drakes
  10 polar bears
  2 slime creatures (D:15)
  3 hornets
  5 snapping turtles
  17 blink frogs
  A meliai zombie (D:12)
  A spriggan (Lair:3)
  A spectral black mamba (Lair:4)
  A vampire (D:12)
  A shadow (D:13)
  A wraith (D:11)
  8 water elementals
  A redback (shapeshifter) (D:14)
  9 wyverns
  4 air elementals
  38 yaks
  3 basilisks
  6 fire elementals
  4 hogs (Shoals:4)
  A golden eye (shapeshifter) (Elf:1)
  13 vampire mosquitoes
  A chaos spawn (Orc:2)
  63 nagas
  5 wargs
  17 water moccasins
  A hydra simulacrum (Lair:4)
  36 orc warriors
  3 ice beasts
  3 sky beasts
  3 black bears
  A black mamba simulacrum (Lair:4)
  5 necrophages (D:10)
  An eye of draining (D:13)
  17 ogres
  2 phantoms
  16 wolves
  21 centaurs
  8 big kobolds
  34 bullfrogs
  3 earth elementals
  A gnoll sergeant (D:6)
  2 cane toad simulacra (Lair:4)
  2 water moccasin zombies (Ossuary)
  3 scorpions
  A wyvern skeleton (D:13)
  A dream sheep simulacrum (Lair:4)
  3 killer bees
  15 wights
  An electric eel (Lair:6)
  4 howler monkeys
  5 centaur zombies
  A quasit (D:10)
  A gnoll shaman (D:4)
  A bullfrog zombie (D:10)
  3 hounds
  17 orc wizards
  3 bullfrog skeletons
  19 orc priests
  2 iguanas
  6 jellies
  Jessica (D:3)
  Crazy Yiuf (D:6)
  9 worker ants
  A big kobold zombie (Ossuary)
  A hound zombie (D:6)
  3 mummies
  A worker ant zombie (D:11)
  2 howler monkey zombies
  17 gnolls
  7 adders
  A howler monkey skeleton (D:9)
  5 river rats (Sewer)
  A shadow imp (D:7)
  5 white imps
  An ufetubus (D:9)
  An ooze (D:2)
  4 adder zombies
  2 adder skeletons
  3 worms
  4 dart slugs
  6 leopard geckos
  69 orcs
  12 bats
  6 giant cockroaches
  9 goblins
  5 hobgoblins
  20 jackals
  52 kobolds
  A quokka (D:9)
  8 ball pythons
  5 frilled lizards
  A gnoll zombie (Ossuary)
  7 hobgoblin zombies (Ossuary)
  A jackal skeleton (D:5)
  4 kobold zombies (Ossuary)
  5 orc zombies (Ossuary)
  A quokka skeleton (D:4)
  25 rats
1248 creatures vanquished.

Vanquished Creatures (collateral kills)
  2 hydras
  3 oklob plants (Lair:4)
  A cane toad (Lair:6)
  A bullfrog (Lair:6)
7 creatures vanquished.

Vanquished Creatures (others)
  A naga warrior (Snake:4)
  A manticore (Shoals:1)
  3 humans (Shoals:4)
  A naga (Snake:4)
  An orc priest (Orc:2)
  2 kobolds
  49 fungi
  168 plants
226 creatures vanquished.

Grand Total: 1481 creatures vanquished

Notes
Turn   | Place    | Note
-------+----------+-------------------------------------------
     0 | D:1      | sahdkjhfkaj the Minotaur Berserker began the quest for the
                  | Orb.
     0 | D:1      | Reached XP level 1. HP: 19/19 MP: 0/0
   166 | D:1      | Reached XP level 2. HP: 27/27 MP: 1/1
   196 | D:1      | Reached skill level 4 in Axes
  1139 | D:2      | Reached XP level 3. HP: 33/33 MP: 2/2
  1141 | D:2      | Reached ** piety under Trog
  1420 | D:2      | Reached XP level 4. HP: 27/40 MP: 3/3
  1573 | D:2      | Found a shimmering blue altar of Sif Muna.
  1960 | D:3      | Found a faded altar of an unknown god.
  2101 | D:3      | Reached skill level 5 in Axes
  2299 | D:3      | Reached XP level 5. HP: 37/47 MP: 4/4
  2561 | D:3      | Noticed Jessica
  2568 | D:3      | Killed Jessica
  2690 | D:4      | Reached *** piety under Trog
  2696 | D:4      | Reached XP level 6. HP: 55/55 MP: 5/5
  2869 | D:4      | Found a staircase to the Ecumenical Temple.
  3231 | D:4      | Reached skill level 5 in Fighting
  3231 | D:4      | Reached skill level 6 in Axes
  3288 | D:4      | Found Ozumutz's Weapon Shoppe.
  3363 | D:5      | Entered Level 5 of the Dungeon
  3491 | D:5      | Found the +8 demon blade "Leech" {vamp, *Rage +Rage rN+}
  3567 | D:5      | Noticed a sky beast
  3576 | D:5      | Killed a sky beast
  3576 | D:5      | Reached skill level 1 in Long Blades
  3576 | D:5      | Reached XP level 7. HP: 34/61 MP: 6/6
  3728 | D:5      | Found Movotu's Distillery.
  3987 | D:6      | Found a glowing drain.
  3994 | D:6      | Reached skill level 5 in Armour
  4006 | Sewer    | Entered a sewer
  4260 | Sewer    | Reached **** piety under Trog
  4731 | D:6      | Reached skill level 7 in Axes
  4732 | D:6      | Reached ***** piety under Trog
  4824 | D:6      | Reached skill level 1 in Shields
  4824 | D:6      | Reached XP level 8. HP: 70/70 MP: 7/7
  5133 | D:6      | Reached skill level 5 in Dodging
  5269 | D:6      | Found a runed translucent door.
  5270 | D:6      | Noticed Crazy Yiuf
  5361 | D:6      | Killed Crazy Yiuf
  5517 | D:6      | Reached skill level 5 in Long Blades
  5943 | D:7      | Found a sand-covered staircase.
  5951 | Ossuary  | Entered an ossuary
  6147 | D:7      | Reached XP level 9. HP: 78/78 MP: 8/8
  6186 | D:7      | Received a gift from Trog
  6338 | D:6      | Found a radiant altar of Vehumet.
  6390 | D:7      | Reached skill level 8 in Axes
  6423 | D:7      | Found an ornate altar of the Wu Jian Council.
  6423 | D:7      | Found a faded altar of an unknown god.
  6430 | D:7      | Found a faded altar of an unknown god.
  6432 | D:7      | Found a basalt altar of Yredelemnul.
  6434 | D:7      | Found a shimmering blue altar of Sif Muna.
  7345 | D:8      | Noticed Maggie
  7346 | D:8      | Noticed Maggie
  7346 | D:8      | Maggie changed into Maggie the centaur
  7352 | D:8      | Killed Maggie the centaur
  7489 | D:9      | Found a sacrificial altar of Ru.
  7975 | D:10     | Entered Level 10 of the Dungeon
  7985 | D:10     | Reached XP level 10. HP: 88/88 MP: 9/9
  8220 | D:10     | Reached skill level 9 in Axes
  8542 | D:10     | Found a staircase to the Lair.
  8911 | D:10     | Reached skill level 10 in Long Blades
  9087 | D:10     | Received a gift from Trog
  9343 | Lair:1   | Entered Level 1 of the Lair of Beasts
  9419 | Lair:1   | Noticed a cane toad
  9426 | Lair:1   | Killed a cane toad
  9426 | Lair:1   | Reached XP level 11. HP: 88/97 MP: 10/10
  9513 | Lair:1   | Reached skill level 10 in Axes
  9671 | Lair:1   | Noticed Erica
  9685 | Lair:1   | Killed Erica
 10523 | Lair:2   | Found a staircase to the Snake Pit.
 10602 | Lair:2   | Noticed a death yak
 10605 | Lair:2   | Noticed a death yak
 10605 | Lair:2   | Noticed a death yak
 10606 | Lair:2   | Noticed a death yak
 10615 | Lair:2   | Killed a death yak
 10618 | Lair:2   | Killed a death yak
 10618 | Lair:2   | Reached skill level 11 in Axes
 10627 | Lair:2   | Killed a death yak
 10632 | Lair:2   | Killed a death yak
 10632 | Lair:2   | Reached skill level 10 in Fighting
 11314 | Lair:3   | Reached skill level 10 in Armour
 11376 | Lair:3   | Reached skill level 12 in Axes
 11436 | Lair:3   | Noticed a five-headed hydra
 11447 | Lair:3   | Killed a nine-headed hydra
 11458 | Lair:3   | Reached XP level 12. HP: 91/107 MP: 11/11
 11526 | Lair:3   | Found a staircase to the Shoals.
 11533 | Lair:3   | Reached skill level 1 in Evocations
 11661 | Lair:3   | Reached ****** piety under Trog
 11716 | Lair:3   | You fall into a shaft and drop 2 floors!
 11727 | Lair:4   | Noticed a death yak
 11727 | Lair:4   | Noticed a death yak
 11728 | Lair:4   | Noticed a death yak
 11728 | Lair:4   | Noticed a death yak
 12193 | Lair:4   | Found a runed translucent gate.
 12193 | Lair:4   | Found a runed translucent gate.
 12193 | Lair:4   | Found a runed translucent gate.
 12193 | Lair:4   | Noticed HunfridMar's ghost (journeyman DECj)
 12319 | Lair:4   | Reached skill level 13 in Axes
 12350 | Lair:4   | Killed a death yak
 12350 | Lair:4   | Reached skill level 10 in Dodging
 12353 | Lair:4   | Noticed a death yak
 12358 | Lair:4   | Killed a death yak
 12369 | Lair:4   | Killed a death yak
 12381 | Lair:4   | Killed a death yak
 12394 | Lair:4   | Killed a death yak
 12588 | Lair:4   | Received a gift from Trog
 12812 | Lair:4   | Reached XP level 13. HP: 101/116 MP: 12/12
 13027 | Lair:4   | Reached skill level 14 in Axes
 14229 | Lair:6   | Entered Level 6 of the Lair of Beasts
 14584 | Lair:5   | Reached skill level 5 in Evocations
 14680 | Lair:6   | Reached skill level 15 in Axes
 14723 | Lair:6   | Received a gift from Trog
 15192 | Lair:6   | Reached XP level 14. HP: 127/127 MP: 13/13
 15654 | Lair:6   | Found a viscous altar of Jiyva.
 15655 | Lair:6   | Found a staircase to the Slime Pits.
 15886 | D:11     | Got a smouldering war axe
 15887 | D:11     | Identified the cursed +1 war axe "Grim" {speed, *Noise
                  | Int+4 Dex+5} (You found it on level 11 of the Dungeon)
 16033 | D:11     | Found Ypont's Jewellery Boutique.
 16041 | D:11     | Bought the ring of the Circus Animal {+Fly rPois rF+++
                  | Str-2 Int-4} for 721 gold pieces
 16868 | D:11     | Found a staircase to the Orcish Mines.
 17461 | D:12     | Received a gift from Trog
 17529 | D:12     | Reached skill level 16 in Axes
 18012 | D:13     | Found a frozen archway.
 18487 | D:13     | Reached skill level 5 in Shields
 18517 | D:13     | Identified the Volume of Feathers and the Entourage
 19430 | D:14     | Found a gate to the Vaults.
 19470 | D:14     | Noticed Snorg
 19486 | D:14     | Killed Snorg
 19595 | D:14     | Received a gift from Trog
 19598 | D:14     | Got a bloodstained hand axe {god gift}
 19599 | D:14     | Identified the +3 hand axe "Hydrabane" {flame, Dex+3} (Trog
                  | gifted it to you on level 14 of the Dungeon)
 19803 | D:15     | Entered Level 15 of the Dungeon
 19881 | D:15     | Reached XP level 15. HP: 136/136 MP: 14/14
 20215 | D:15     | Found a white marble altar of Elyvilon.
 20268 | D:15     | Found Ili Kekk's Weapon Shop.
 20564 | D:15     | Reached skill level 17 in Axes
 21162 | D:15     | Found a staircase to the Depths.
 21740 | Orc:1    | Entered Level 1 of the Orcish Mines
 21802 | Orc:1    | Found a bloodstained altar of Trog.
 21898 | Orc:1    | Noticed Harold
 21910 | Orc:1    | Killed Harold
 22039 | Orc:2    | Entered Level 2 of the Orcish Mines
 22149 | Orc:2    | Found Upifosaka's Antique Armour Emporium.
 22149 | Orc:2    | Found a staircase to the Elven Halls.
 22215 | Orc:2    | Found Wudiq's Distillery.
 22225 | Orc:2    | Found Urukhaob's Magic Scroll Emporium.
 22244 | Orc:2    | Received a gift from Trog
 23011 | Orc:2    | Paralysed by an orc sorcerer for 2 turns
 23059 | Orc:2    | Noticed an orc warlord
 23078 | Orc:2    | Killed an orc warlord
 23396 | Orc:2    | Bought a scroll of summoning for 95 gold pieces
 23396 | Orc:2    | Bought a scroll of blinking for 75 gold pieces
 23396 | Orc:2    | Bought a scroll of blinking for 75 gold pieces
 23396 | Orc:2    | Bought a scroll of immolation for 35 gold pieces
 23396 | Orc:2    | Bought a scroll of teleportation for 30 gold pieces
 23398 | Orc:2    | Bought 2 potions of curing for 96 gold pieces
 23398 | Orc:2    | Bought a potion of curing for 48 gold pieces
 23398 | Orc:2    | Bought a potion of curing for 48 gold pieces
 23398 | Orc:2    | Bought a potion of curing for 48 gold pieces
 23471 | Orc:2    | Received a gift from Trog
 23934 | Orc:2    | Found Jilleror's Gadget Shop.
 23934 | Orc:2    | Found a one-way gate leading to the halls of Pandemonium.
 23934 | Orc:2    | Found Cyated's Antique Weapon Boutique.
 23951 | Orc:2    | Bought a condenser vane (2/2) for 240 gold pieces
 23951 | Orc:2    | Bought a phantom mirror for 360 gold pieces
 24329 | Snake:1  | Entered Level 1 of the Snake Pit
 24541 | Snake:1  | Reached skill level 10 in Shields
 24547 | Snake:1  | Reached XP level 16. HP: 111/146 MP: 6/15
 24783 | Lair:4   | Killed HunfridMar's ghost
 26723 | Snake:2  | Received a gift from Trog
 26723 | Snake:2  | Reached skill level 18 in Axes
 27543 | Snake:2  | Noticed Aizul
 27556 | Snake:2  | Killed Aizul
 27982 | Snake:3  | Found Qoty's Gadget Emporium.
 28557 | Snake:3  | Found Emeyppul's General Store.
 28573 | Snake:3  | Found Kolun's Distillery.
 28941 | Snake:3  | Found a transporter.
 28944 | Snake:3  | Identified the cursed +3 rapier of Fedhas's Condemnation
                  | {drain, +Rage rC+++ MP+9 Str-2}
 28955 | Snake:3  | Found Juquef's Book Emporium.
 28961 | Snake:3  | Received a gift from Trog
 28977 | Snake:3  | Found a transporter.
 29522 | Snake:4  | Entered Level 4 of the Snake Pit
 29898 | Snake:4  | Reached XP level 17. HP: 138/154 MP: 16/16
 29947 | Snake:4  | Reached skill level 15 in Fighting
 30284 | Snake:4  | Found Umudorir's Assorted Antiques.
 30660 | Snake:4  | Received a gift from Trog
 30688 | Snake:4  | Reached skill level 15 in Armour
 31347 | Snake:4  | Found Xoduagua's General Store.
 31349 | Snake:4  | Found Wytat's Antique Armour Emporium.
 31349 | Snake:4  | Found Pemiw's Weapon Shoppe.
 31733 | Snake:4  | Got a serpentine rune of Zot
 32651 | Shoals:1 | Entered Level 1 of the Shoals
 32884 | Shoals:1 | Received a gift from Trog
 33821 | Shoals:2 | HP: 2/156 [barbs]
 34211 | Shoals:4 | Entered Level 4 of the Shoals
 34308 | Shoals:4 | Noticed Kirke
 34320 | Shoals:4 | Killed Kirke
 34805 | Shoals:4 | Reached skill level 10 in Evocations
 35029 | Shoals:4 | Reached XP level 18. HP: 166/166 MP: 17/17
 35253 | Shoals:4 | Noticed Roxanne
 35317 | Shoals:4 | Received a gift from Trog
 35534 | Shoals:4 | Reached skill level 15 in Shields
 35638 | Shoals:4 | Got a barnacled rune of Zot
 36254 | Elf:1    | Entered Level 1 of the Elven Halls
 37046 | Elf:1    | Received a gift from Trog
 37046 | Elf:1    | Reached skill level 15 in Dodging
 37583 | Elf:1    | Found Ukhemox's Jewellery Shop.
 37583 | Elf:1    | Found Impextoi's Gadget Emporium.
 37584 | Elf:1    | Found Jiteof's Jewellery Shop.
 37925 | Elf:2    | Noticed a Tzitzimitl
 37926 | Elf:2    | Noticed an Ice Fiend
 37955 | Elf:2    | Received a gift from Trog
 39059 | Snake:4  | Bought a scroll of silence for 127 gold pieces
 39636 | Elf:2    | Found a runed translucent gate.
 39636 | Elf:2    | Found a runed translucent gate.
 39646 | Elf:2    | Found a runed translucent gate.
 39726 | Elf:2    | Found Qois's Weapon Shoppe.
 39890 | Elf:2    | Received a gift from Trog
 39895 | Elf:2    | HP: 8/168 [poisoned by a +5 trident of venom]
 39897 | Elf:2    | Reached XP level 19. HP: 32/174 MP: 7/18
 41000 | Elf:3    | Entered Level 3 of the Elven Halls
 41174 | Elf:3    | Killed from afar by a deep elf annihilator

Illustrated notes

Levels and vault maps discovered:
D:1:      dpeg_arrival_short_road, layout_basic
D:2:      layout_rooms, lemuel_blue_sif_altar
D:3:      layout_loops_cross, chequers_ecumenical_altar_island, uniq_jessica
D:4:      layout_basic, minmay_temple_entry_large_hall, serial_shops,
          kennysheep_mini
D:5:      layout_loops_cross, serial_shops, nicolae_shop_trees
D:6:      lemuel_upstairs_altar, layout_loops_corners,
          cheibrodos_sewer_entry_sluice, chequers_serial_rivers_micro_b,
          uniq_crazy_yiuf_cottage
D:7:      layout_basic, chequers_temple_overflow_minitemple,
          lightli_ossuary_entry_decrepit_ruins
D:8:      layout_basic, uniq_maggie
D:9:      wad_pebble_path, layout_cross, nicolae_ru_sacrificial_ziggurat
D:10:     layout_gridville, lair_entry_dummy, serial_undead, serial_undead_c,
          serial_undead_f, serial_undead_f, serial_undead_b, serial_undead_a,
          serial_undead_e, serial_undead_c, serial_undead_a
D:11:     layout_irregular_city, orc_0_dummy, serial_shops,
          nicolae_shop_competitors_out_of_business, minmay_shattered_shrine
D:12:     layout_roguey
D:13:     cheibrodos_lost_city_excavation, layout_basic,
          portal_ice_cave_entry_pillars_1, serial_park_tiny_1
D:14:     layout_irregular_city, david_vaults_2, minmay_circle_x, uniq_snorg
D:15:     hangedman_depths_entry_try_elsewhere_first, layout_small_grid,
          serial_shops, shop_fountains, elyvilon_altar_4, nicolae_benzene_ring
Lair:1:   layout_chaotic_city, minivault_24, infiniplex_staircase_pool,
          uniq_erica
Lair:2:   layout_chaotic_city, guppyfry_snake_entry_island, serial_bayou_shore_b
Lair:3:   layout_chaotic_city, elwin_shoals_entry_stream,
          grunt_forest_stairs_clearing
Lair:4:   layout_loops_ring, gammafunk_ghost_necromancy, beast_lair_carwin_7,
          serial_bayou_shore_b, grunt_megastairs_2, minmay_lair_oklob_chamber
Lair:5:   layout_roguey
Lair:6:   minmay_lair_end_frog_pond, layout_gridlike,
          dpeg_slime_entry_enclosed_altar
Shoals:1: layout_shoals, uniq_donald
Shoals:2: layout_shoals, wheals_shoals_ruined_temple
Shoals:3: cheibrodos_shoals_gigantism, layout_shoals, uniq_polyphemus
Shoals:4: shoals_end_simple, layout_shoals, nicolae_shoals_mertower,
          uniq_roxanne, uniq_kirke
Snake:1:  layout_onion
Snake:2:  nicolae_aizul_guard, layout_chambers, abandoned_shop
Snake:3:  gammafunk_the_bubble [the_bubble_gammafunk_grid], layout_cave_town,
          serial_shops, shop_coins, nicolae_shop_crystal, shop, shop
Snake:4:  johnstein_snake_rune_scales, layout_rooms, minmay_shoptagon,
          uniq_aizul
Orc:1:    layout_diamond_mine, bloody_trog, uniq_harold
Orc:2:    pf_orc_diabolical, layout_diamond_mine, serial_shops, shop
Elf:1:    elf_arrival_001, layout_rooms, minivault_28, minmay_shop_grove
Elf:2:    layout_loops_cross, serial_shops, shop
Elf:3:    minmay_elf_hall_hex, layout_loops_cross, uniq_louise

Skill      XL: |  1  2  3  4  5  6  7  8  9 10 11 12 13 14 15 16 17 18 |
---------------+-------------------------------------------------------+-----
Axes           | 4 5 6 7 8 9 12 13 15 16 17 18 | 18.0
Fighting       | 4 5 6 7 9 10 11 12 13 14 15 16 | 16.7
Armour         | 3 4 5 6 7 8 10 11 12 13 14 15 16 | 16.6
Dodging        | 3 4 5 6 7 9 10 11 12 13 14 15 | 15.4
Long Blades    | 1 3 5 8 10 | 10.2
Shields        | 1 4 6 10 12 14 16 | 16.6
Evocations     | 3 5 6 7 8 10 | 10.8

Action                   |  1- 3 |  4- 6 |  7- 9 | 10-12 | 13-15 | 16-18 | 19-21 || total
-------------------------+-------+-------+-------+-------+-------+-------+-------++-------
Melee: Hand axe          |    68 |   145 |       |       |       |       |       ||   213
       Headbutt          |    10 |    22 |    57 |    97 |   209 |   225 |    15 ||   635
       Demon blade       |       |       |   307 |   114 |       |       |       ||   421
       Broad axe         |       |       |       |   309 |   996 |  1306 |    66 ||  2677
Invok: Berserk           |     3 |     2 |     2 |     7 |     6 |       |       ||    20
       Trog's Hand       |       |       |       |     1 |    12 |     9 |       ||    22
       Brothers in Arms  |       |       |       |       |     2 |     1 |       ||     3
Evoke: Wand              |       |       |     1 |       |     2 |     6 |       ||     9
       Lightning rod     |       |       |       |       |       |     8 |       ||     8
       Condenser vane    |       |       |       |       |       |     2 |       ||     2
  Use: Scroll            |     1 |     4 |    15 |    10 |    12 |     9 |       ||    51
       Potion            |       |     2 |       |     1 |       |     9 |       ||    12
 Stab: Distracted        |       |       |       |       |       |     1 |       ||     1
Armor: Animal skin       |    10 |       |       |       |       |       |       ||    10
       Leather armour    |    12 |    12 |       |       |       |       |       ||    24
       Ring mail         |       |    26 |       |       |       |       |       ||    26
       Chain mail        |       |    14 |   104 |       |       |       |       ||   118
       Plate armour      |       |       |    53 |   220 |   386 |   310 |    15 ||   984
Dodge: Dodged            |    60 |    93 |   202 |   210 |   355 |   274 |    10 ||  1204
       Repelled          |       |       |       |       |       |    25 |     2 ||    27
Block: Buckler           |       |       |    55 |    99 |    91 |       |       ||   245
       Kite shield       |       |       |       |       |   494 |    81 |       ||   575
       Reflection        |       |       |       |       |    70 |   166 |     6 ||   242
       Tower shield      |       |       |       |       |       |  1318 |    47 ||  1365
       Rpst.: Demon blade |       |       |    55 |     9 |       |       |       ||    64

Table legend: (Time is in decaauts)
 A = Elapsed time spent in this place.
 B = Non-inter-level travel time spent in this place.
 C = Inter-level travel time spent in this place.
 D = Time resting spent in this place.
 E = Time spent auto-exploring this place.
 F = Levels seen in this place.
 G = Mean time per level.
                   A        B        C        D        E       F      G
               +--------+--------+--------+--------+--------+-----+--------+
         Total |  41310 |  37316 |   3994 |   9841 |  20573 |  36 | 1147.5 |
       Dungeon |  15395 |  13864 |   1531 |   2454 |   9094 |  15 | 1026.3 |
          Lair |   8314 |   7238 |   1076 |   2317 |   3671 |   6 | 1385.7 |
        Shoals |   2911 |   2816 |     95 |   1239 |    751 |   4 |  727.8 |
     Snake Pit |   7272 |   6714 |    558 |   1355 |   4145 |   4 | 1818.0 |
  Orcish Mines |   2897 |   2386 |    511 |    890 |   1052 |   2 | 1448.5 |
   Elven Halls |   3643 |   3422 |    221 |   1306 |   1498 |   3 | 1214.3 |
         Sewer |    669 |    669 |      0 |    209 |    288 |   1 |  669.0 |
       Ossuary |    206 |    206 |      0 |     68 |     71 |   1 |  206.0 |
               +--------+--------+--------+--------+--------+-----+--------+

Top non-repeatable levels by time:
 Snake:2: 2325 daAuts
   Orc:2: 2139 daAuts
   Elf:2: 2073 daAuts
  Lair:4: 2002 daAuts
 Snake:3: 1928 daAuts
  Lair:3: 1911 daAuts
 Snake:4: 1843 daAuts
    D:10: 1833 daAuts
Shoals:4: 1596 daAuts
   Elf:1: 1561 daAuts
    D:15: 1485 daAuts
    D:11: 1396 daAuts
     D:6: 1384 daAuts
  Lair:6: 1322 daAuts
    D:14: 1250 daAuts
